AoeStats
← Iluvatar

Arena

510137932Analyzed
4v4 RM · 2d ago on Sep 29, 2026· 49m 33s· 8 players
Game mode
Random Map
Map size
Large (8 player)
Population
200
Speed
Normal
Resources
Standard
Victory
Conquest
Starting age
Dark Age
Ending age
Imperial Age
RankedLock teamsTeams togetherTeam positionsShared explorationLock speedFull tech treeHidden civsTurbo modeCheats
Victory
Defeat
🇹🇼 Wei · Taiwan
918
+17
🇹🇷 Bohemians · Türkiye
911
+18
🇨🇳 Varangians · China
909
+17
909
+18
🇫🇷 Lithuanians · France
962
-18
🇹🇷 Vikings · Türkiye
962
-18
🇩🇰 Danes · Denmark
940
-17
🇨🇱 Mongols · Chile
933
-17
sonsehzadee
10:24 Feudal Age
17:36 Castle Age
16:16 Double-Bit Axe
16:15 Horse Collar
20:10 Wheelbarrow
21:35 Loom
25:30 Heavy Plow
26:59 Hand Cart
30:59 Imperial Age
28:37 Wagenburg Tactics
32:32 Conscription
33:51 Chemistry
34:32 Bow Saw
34:06 Elite Hussite Wagon
38:17 Squires
37:39 Pikeman
38:52 Halberdier
44:23 Houfnice
BoBo鸡之印第安走地鸡
12:11 Feudal Age
12:28 Loom
12:38 Double-Bit Axe
14:24 Horse Collar
16:55 Castle Age
18:57 Bow Saw
18:44 Gold Mining
25:44 Wheelbarrow
28:15 Hand Cart
32:26 Imperial Age
29:42 Town Watch
30:01 Heavy Plow
32:54 Scale Mail Armor
33:05 Forging
33:31 Conscription
33:45 Crop Rotation
34:19 Two-Man Saw
33:28 Squires
33:14 Arson
32:51 Man-at-Arms
33:30 Pikeman
35:04 Gambesons
36:35 Gold Shaft Mining
35:40 Shield Wall
37:02 Halberdier
38:01 Chain Mail Armor
38:21 Iron Casting
37:39 Long Swordsman
38:47 Two-Handed Swordsman
40:51 Plate Mail Armor
39:54 Champion
TAE_YANG
10:57 Feudal Age
9:43 Loom
15:01 Castle Age
13:12 Horse Collar
13:39 Double-Bit Axe
16:16 Bow Saw
16:32 Heavy Plow
20:41 Wheelbarrow
20:54 Gold Mining
20:56 Stone Mining
24:24 Hand Cart
25:09 Gold Shaft Mining
25:13 Stone Shaft Mining
29:30 Imperial Age
27:27 Scale Barding Armor
27:32 Forging
27:06 Treadmill Crane
27:48 Ballistics
27:39 Masonry
27:45 Fletching
28:34 Tuntian
30:15 Chain Barding Armor
30:30 Iron Casting
29:51 Bodkin Arrow
29:54 Murder Holes
30:10 Fortified Wall
30:19 Bloodlines
30:09 Husbandry
30:17 Thumb Ring
31:17 Crop Rotation
30:23 Heavy Hei Guang Cavalry
31:33 Padded Archer Armor
32:35 Chemistry
34:19 Blast Furnace
34:58 Bracer
35:13 Leather Archer Armor
35:27 Conscription
35:54 Heavy Scorpion
37:04 Ming Guang Armor
38:41 Light Cavalry
49:02 Caravan
Iluvatar
11:07 Feudal Age
11:36 Feudal Age
15:34 Castle Age
13:25 Double-Bit Axe
17:53 Bow Saw
18:58 Horse Collar
19:25 Stone Mining
23:37 Gold Mining
24:04 Heavy Plow
29:52 Imperial Age
27:11 Loom
28:09 Wheelbarrow
27:20 Town Watch
28:10 Forging
28:12 Scale Mail Armor
30:00 Iron Casting
29:16 Treadmill Crane
29:37 Murder Holes
30:04 Ballistics
29:56 Masonry
30:05 Chain Mail Armor
29:56 Scale Barding Armor
31:09 Conscription
30:09 Gothikon
32:33 Two-Man Saw
32:22 Crop Rotation
33:10 Blast Furnace
32:41 Plate Mail Armor
32:33 Hand Cart
31:46 Elite Varangian Guard
32:19 Gambesons
32:37 Squires
32:23 Arson
32:05 Pikeman
32:38 Cavalier
33:45 Halberdier
34:57 Bloodlines
34:48 Husbandry
36:20 Chain Barding Armor
37:58 Plate Barding Armor
37:41 Vendel Legacy
37:41 Elite Jarl
40:59 Elite Jarl
Thetoymaker8700S
4:18 Loom
10:52 Feudal Age
11:25 Town Watch
17:11 Castle Age
15:12 Double-Bit Axe
23:39 Wheelbarrow
27:45 Bow Saw
31:43 Imperial Age
30:12 Scale Mail Armor
30:23 Forging
31:54 Caravan
32:04 Squires
31:50 Arson
33:17 Iron Casting
32:57 Chain Mail Armor
32:30 Elite Varangian Guard
33:49 Conscription
35:53 Plate Mail Armor
Bloups3000
11:01 Feudal Age
12:33 Loom
14:55 Castle Age
13:13 Double-Bit Axe
13:11 Horse Collar
15:02 Forging
16:34 Wheelbarrow
16:18 Loom
17:01 Bow Saw
17:38 Gold Mining
19:01 Fervor
19:24 Stone Mining
21:03 Sanctity
23:06 Hand Cart
24:18 Redemption
24:03 Herbal Medicine
30:53 Imperial Age
28:10 Town Watch
28:41 Scale Barding Armor
30:02 Chain Barding Armor
31:28 Iron Casting
30:43 Fletching
32:12 Conscription
31:38 Elite Leitis
33:35 Plate Barding Armor
33:38 Bloodlines
33:29 Husbandry
33:29 Bodkin Arrow
35:53 Stone Shaft Mining
39:49 Block Printing
40:11 Theocracy
40:23 Hoardings
42:42 Ballistics
43:22 Chemistry
46:44 Fortified Wall
47:15 Onager
Adolf-Kun v3.1
1:27 Loom
11:14 Feudal Age
13:21 Double-Bit Axe
18:41 Castle Age
16:34 Horse Collar
16:47 Gold Mining
18:48 Forging
18:39 Scale Mail Armor
20:01 Heavy Plow
19:56 Stone Mining
20:53 Bow Saw
27:26 Caravan
31:29 Imperial Age
30:08 Chain Mail Armor
31:02 Iron Casting
31:14 Gold Shaft Mining
31:52 Treadmill Crane
32:57 Plate Mail Armor
32:58 Conscription
34:11 Blast Furnace
33:02 Capped Ram
35:53 Elite Berserk
36:49 Chieftains
40:17 Onager
41:50 Fortified Wall
41:36 Murder Holes
42:17 Bogsveigar
42:39 Fletching
43:13 Ballistics
Whorthles
8:49 Loom
10:35 Feudal Age
17:09 Castle Age
15:15 Double-Bit Axe
15:42 Horse Collar
17:07 Gold Mining
18:09 Wheelbarrow
23:54 Fletching
28:26 Bodkin Arrow
28:32 Padded Archer Armor
31:03 Hand Cart
31:09 Bow Saw
35:16 Imperial Age
33:10 Pikeman
35:02 Thumb Ring
36:26 Conscription
35:30 Heavy Cavalry Archer
36:38 Parthian Tactics
36:15 Bracer
37:11 Drill
Connection lost

Rejoining the realm…

Still unreachable

The connection could not be restored.

Session expired

The server has moved on; the page needs a fresh start.